| TOP OF THE 1ST |
|
Colorado Rockies batting - Pitching for Los Angeles Dodgers : RHP Jake Koehler
|
|
Pitching: RHP Jake Koehler
|
|
|
Batting: RHB Joel Haycock
|
0-0: Ball 1-0: Called Strike 1-1: Called Strike 1-2: Strikes out swinging
|
|
Batting: RHB Chad Thompson
|
0-0: Ball 1-0: Ball 2-0: Foul Ball, location: 2F 2-1: TRIPLE (Line Drive, 9D, EV 101.3 MPH)
|
|
Batting: LHB Fabiano Perrolas
|
0-0: SINGLE (Groundball, 23, EV 72.5 MPH) (infield hit)
|
|
Batting: RHB Jason Andrews
|
0-0: Ball 1-0: Ball 2-0: Ball Wild Pitch! Chad Thompson scores Fabiano Perrolas to second 3-0: Called Strike 3-1: Foul Ball, location: 2F 3-2: Strikes out looking
|
|
Batting: SHB Chris Blue
|
0-0: SINGLE (Line Drive, 7S, EV 101.9 MPH) Fabiano Perrolas to third Runner from 3rd tries for Home, SAFE, throw by LF to home
|
|
Batting: RHB Rico Coss
|
0-0: 2-RUN HOME RUN (Flyball, 7D, EV 96.9 MPH), Distance : 384 ft
|
|
Batting: LHB Robert Watson
|
0-0: Ball 1-0: Ball 2-0: Ground out 6-3 (Groundball, 6, EV 88.1 MPH)
|
| Top of the 1st over - 4 runs, 4 hits, 0 errors, 0 left on base; Colorado 4 - Los Angeles 0 |
| BOTTOM OF THE 1ST |
|
Los Angeles Dodgers batting - Pitching for Colorado Rockies : RHP Isaac Spikes
|
|
Pitching: RHP Isaac Spikes
|
|
|
Batting: RHB Jorge Severiano
|
0-0: Ball 1-0: Foul Ball, location: 2F 1-1: Ball 2-1: Fly out, F7 (Flyball, 7LS, EV 80.6 MPH)
|
|
Batting: LHB Chris Ringwood
|
0-0: Called Strike 0-1: Ball 1-1: Foul Ball, location: 2F 1-2: Ground out 6-3 (Groundball, 6M, EV 103.1 MPH)
|
|
Batting: LHB Bob Branham
|
0-0: Called Strike 0-1: Called Strike 0-2: Ball 1-2: Ground out 6-3 (Groundball, 4M, EV 95.0 MPH)
|
| Bottom of the 1st over - 0 runs, 0 hits, 0 errors, 0 left on base; Colorado 4 - Los Angeles 0 |
| TOP OF THE 2ND |
|
Colorado Rockies batting - Pitching for Los Angeles Dodgers : RHP Jake Koehler
|
|
Batting: RHB Leo Mair
|
0-0: Ground out 5-3 (Groundball, 56S, EV 70.0 MPH)
|
|
Batting: RHB Stephen Charbonneau
|
0-0: Ball 1-0: Foul Ball, location: 2F 1-1: Ball 2-1: Ball 3-1: Base on Balls
|
|
Batting: RHB Joel Haycock
|
0-0: Ball 1-0: Ball 2-0: Swinging Strike 2-1: Called Strike 2-2: SINGLE (Groundball, 6D, EV 100.0 MPH) Stephen Charbonneau to second
|
|
Batting: RHB Chad Thompson
|
0-0: Swinging Strike 0-1: Ball 1-1: Fly out, F7 (Flyball, 7D, EV 106.3 MPH)
|
|
Batting: LHB Fabiano Perrolas
|
0-0: Called Strike 0-1: Ball 1-1: Fly out, F6 (Line Drive, 6, EV 71.3 MPH)
|
| Top of the 2nd over - 0 runs, 1 hit, 0 errors, 2 left on base; Colorado 4 - Los Angeles 0 |
| BOTTOM OF THE 2ND |
|
Los Angeles Dodgers batting - Pitching for Colorado Rockies : RHP Isaac Spikes
|
|
Batting: LHB Ryan Taylor
|
0-0: Called Strike 0-1: Fly out, F4 (Flyball, 34D, EV 90.0 MPH)
|
|
Batting: RHB Tsutomu Irie
|
0-0: Ball 1-0: Ball 2-0: Swinging Strike 2-1: Ball 3-1: Base on Balls
|
|
Batting: SHB Carlos Rodriguez
|
0-0: Ball 1-0: Foul Ball, location: 2F 1-1: Ball 2-1: Foul Ball, location: 2F 2-2: Foul Ball, location: 2F 2-2: Ball 3-2: DOUBLE (Flyball, 78D, EV 106.3 MPH) Tsutomu Irie to third Runner from 3rd tries for Home, SAFE, throw by CF to trailing runner, SAFE at third!
|
|
Batting: RHB Ben Mischnick
|
0-0: Called Strike 0-1: Ball 1-1: Swinging Strike 1-2: Strikes out swinging
|
|
Batting: LHB Dalton Silveira
|
0-0: Ball 1-0: Foul Ball, location: 2F 1-1: Foul Ball, location: 2F 1-2: Strikes out swinging
|
| Bottom of the 2nd over - 1 run, 1 hit, 0 errors, 1 left on base; Colorado 4 - Los Angeles 1 |
| TOP OF THE 3RD |
|
Colorado Rockies batting - Pitching for Los Angeles Dodgers : RHP Jake Koehler
|
|
Batting: RHB Jason Andrews
|
0-0: Called Strike 0-1: Fly out, F8 (Flyball, 8LD, EV 95.0 MPH)
|
|
Batting: SHB Chris Blue
|
0-0: Called Strike 0-1: Ball 1-1: Hit by Pitch
|
|
Batting: RHB Rico Coss
|
0-0: Called Strike 0-1: Ball 1-1: Ball 2-1: DOUBLE (Flyball, 89D, EV 92.5 MPH) Chris Blue to third
|
|
Batting: LHB Robert Watson
|
0-0: Called Strike 0-1: Ball Balk! Chris Blue scores Rico Coss to third 1-1: Called Strike 1-2: Ball 2-2: Strikes out swinging
|
|
Batting: RHB Leo Mair
|
0-0: Fly out, F8 (Flyball, 78M, EV 90.0 MPH)
|
| Top of the 3rd over - 1 run, 1 hit, 0 errors, 1 left on base; Colorado 5 - Los Angeles 1 |
| BOTTOM OF THE 3RD |
|
Los Angeles Dodgers batting - Pitching for Colorado Rockies : RHP Isaac Spikes
|
|
Batting: RHB Edwin Soto
|
0-0: Swinging Strike 0-1: Ground out 5-3 (Groundball, 56, EV 88.1 MPH)
|
|
Batting: RHB Jorge Severiano
|
0-0: Foul Ball, location: 2F 0-1: Fly out, F9 (Line Drive, 9, EV 86.3 MPH)
|
|
Batting: LHB Chris Ringwood
|
0-0: Ball 1-0: Ball 2-0: Called Strike 2-1: Foul Ball, location: 2F 2-2: SINGLE (Groundball, 6MS, EV 66.3 MPH) (infield hit)
|
|
Batting: LHB Bob Branham
|
0-0: Swinging Strike 0-1: Called Strike Chris Ringwood steals 2nd base 0-2: Ball 1-2: Ground out 6-3 (Groundball, 6S, EV 67.5 MPH)
|
| Bottom of the 3rd over - 0 runs, 1 hit, 0 errors, 1 left on base; Colorado 5 - Los Angeles 1 |
| TOP OF THE 4TH |
|
Colorado Rockies batting - Pitching for Los Angeles Dodgers : RHP Jake Koehler
|
|
Batting: RHB Stephen Charbonneau
|
0-0: Swinging Strike 0-1: Called Strike 0-2: Ball 1-2: Fly out, F7 (Flyball, 78S, EV 90.6 MPH)
|
|
Batting: RHB Joel Haycock
|
0-0: Called Strike 0-1: Foul Ball, location: 2F 0-2: Ball 1-2: SINGLE (Groundball, 6MD, EV 101.9 MPH)
|
|
Pitching: LHP Sam Zegarelli
|
|
|
Batting: RHB Chad Thompson
|
0-0: Ball 1-0: Fly out, F9 (Flyball, 9D, EV 83.8 MPH)
|
|
Batting: LHB Fabiano Perrolas
|
0-0: Ground out 4-3 (Groundball, 34, EV 101.3 MPH)
|
| Top of the 4th over - 0 runs, 1 hit, 0 errors, 1 left on base; Colorado 5 - Los Angeles 1 |
| BOTTOM OF THE 4TH |
|
Los Angeles Dodgers batting - Pitching for Colorado Rockies : RHP Isaac Spikes
|
|
Batting: LHB Ryan Taylor
|
0-0: Called Strike 0-1: Foul Ball, location: 2F 0-2: Strikes out swinging
|
|
Batting: RHB Tsutomu Irie
|
0-0: Called Strike 0-1: Ball 1-1: Foul Ball, location: 2F 1-2: Ball 2-2: Ball 3-2: Base on Balls
|
|
Batting: SHB Carlos Rodriguez
|
0-0: Ball 1-0: Fly out, F8 (Flyball, 8RM, EV 88.8 MPH)
|
|
Batting: RHB Ben Mischnick
|
0-0: Called Strike Tsutomu Irie steals 2nd base 0-1: Ball 1-1: Ball 2-1: Called Strike 2-2: Strikes out swinging
|
| Bottom of the 4th over - 0 runs, 0 hits, 0 errors, 1 left on base; Colorado 5 - Los Angeles 1 |
| TOP OF THE 5TH |
|
Colorado Rockies batting - Pitching for Los Angeles Dodgers : LHP Sam Zegarelli
|
|
Batting: RHB Jason Andrews
|
0-0: Called Strike 0-1: Called Strike 0-2: Foul Ball, location: 2F 0-2: Ball 1-2: Ball 2-2: Strikes out looking
|
|
Batting: SHB Chris Blue
|
0-0: SINGLE (Groundball, 4, EV 95.6 MPH)
|
|
Batting: RHB Rico Coss
|
0-0: Swinging Strike 0-1: Ball 1-1: Called Strike 1-2: Foul Ball, location: 2F 1-2: Foul Ball, location: 2F 1-2: Ball 2-2: Strikes out looking
|
|
Batting: LHB Robert Watson
|
0-0: Called Strike 0-1: Called Strike 0-2: Ball 1-2: Fly out, F7 (Flyball, 78M, EV 80.6 MPH)
|
| Top of the 5th over - 0 runs, 1 hit, 0 errors, 1 left on base; Colorado 5 - Los Angeles 1 |
| BOTTOM OF THE 5TH |
|
Los Angeles Dodgers batting - Pitching for Colorado Rockies : RHP Isaac Spikes
|
|
Batting: LHB Dalton Silveira
|
0-0: Ball 1-0: Foul Ball, location: 2F 1-1: Ground out 4-3 (Groundball, 34, EV 83.8 MPH)
|
|
Batting: RHB Edwin Soto
|
0-0: Swinging Strike 0-1: Ball 1-1: Foul Ball, location: 2F 1-2: Foul Ball, location: 2F 1-2: Strikes out swinging
|
|
Batting: RHB Jorge Severiano
|
0-0: Hit by Pitch
|
|
Batting: LHB Chris Ringwood
|
0-0: Called Strike 0-1: Foul Ball, location: 2F 0-2: Ball 1-2: Ball 2-2: Foul Ball, location: 2F 2-2: Foul Ball, location: 2F 2-2: Ball 3-2: 2-RUN HOME RUN (Flyball, 9D, EV 103.1 MPH), Distance : 403 ft
|
|
Batting: LHB Bob Branham
|
0-0: Ball 1-0: Called Strike 1-1: Foul Ball, location: 2F 1-2: Foul Ball, location: 2F 1-2: Foul Ball, location: 2F 1-2: Ball 2-2: Ball 3-2: Ground out 6-3 (Groundball, 6M, EV 108.1 MPH)
|
| Bottom of the 5th over - 2 runs, 1 hit, 0 errors, 0 left on base; Colorado 5 - Los Angeles 3 |
| TOP OF THE 6TH |
|
Colorado Rockies batting - Pitching for Los Angeles Dodgers : LHP Sam Zegarelli
|
|
Batting: RHB Leo Mair
|
0-0: Called Strike 0-1: Foul Ball, location: 2F 0-2: Strikes out swinging, 2-3 out at first.
|
|
Batting: RHB Stephen Charbonneau
|
0-0: Ball 1-0: Ball 2-0: SINGLE (Flyball, 9S, EV 93.1 MPH)
|
|
Batting: RHB Joel Haycock
|
0-0: Ball 1-0: Swinging Strike 1-1: Ball 2-1: Swinging Strike 2-2: Ball 3-2: Foul Ball, location: 2F 3-2: SINGLE (Groundball, P, EV 82.5 MPH) (infield hit) Stephen Charbonneau to second
|
|
Batting: RHB Chad Thompson
|
0-0: Foul Ball, location: 2F 0-1: Foul Ball, location: 2F 0-2: Foul Ball, location: 2F 0-2: Strikes out swinging
|
|
Batting: LHB Fabiano Perrolas
|
0-0: Called Strike 0-1: Foul Ball, location: 2F 0-2: Ball 1-2: Ball 2-2: Ball 3-2: Ground out 4-3 (Groundball, 34, EV 112.5 MPH)
|
| Top of the 6th over - 0 runs, 2 hits, 0 errors, 2 left on base; Colorado 5 - Los Angeles 3 |
| BOTTOM OF THE 6TH |
|
Los Angeles Dodgers batting - Pitching for Colorado Rockies : RHP Isaac Spikes
|
|
Batting: LHB Ryan Taylor
|
0-0: Called Strike 0-1: Ball 1-1: Called Strike 1-2: Ball 2-2: Ball 3-2: Foul Ball, location: 2F 3-2: Foul Ball, location: 2F 3-2: Base on Balls
|
|
Pitching: RHP Jaden Mackey
|
|
|
Batting: RHB Tsutomu Irie
|
0-0: Ball 1-0: Ball 2-0: Grounds into double play, 6-4-3 (Groundball, 6, EV 105.0 MPH)
|
|
Batting: SHB Carlos Rodriguez
|
0-0: Ball 1-0: Ball 2-0: Ball 3-0: Base on Balls
|
|
Batting: RHB Ben Mischnick
|
0-0: Ball 1-0: Ball 2-0: Called Strike 2-1: Foul Ball, location: 2F 2-2: Strikes out looking
|
| Bottom of the 6th over - 0 runs, 0 hits, 0 errors, 1 left on base; Colorado 5 - Los Angeles 3 |
| TOP OF THE 7TH |
|
Colorado Rockies batting - Pitching for Los Angeles Dodgers : LHP Sam Zegarelli
|
|
Pitching: RHP Adrian Serratos
|
|
|
Batting: RHB Jason Andrews
|
0-0: Called Strike 0-1: Ground out 6-3 (Groundball, 6, EV 108.8 MPH)
|
|
Batting: SHB Chris Blue
|
0-0: Ball 1-0: Foul Ball, location: 2F 1-1: Swinging Strike 1-2: Strikes out swinging
|
|
Batting: RHB Rico Coss
|
0-0: Called Strike 0-1: Called Strike 0-2: Foul Ball, location: 2F 0-2: Foul Ball, location: 2F 0-2: Strikes out swinging
|
| Top of the 7th over - 0 runs, 0 hits, 0 errors, 0 left on base; Colorado 5 - Los Angeles 3 |
| BOTTOM OF THE 7TH |
|
Los Angeles Dodgers batting - Pitching for Colorado Rockies : RHP Jaden Mackey
|
|
Pitching: LHP Dave Burridge
|
|
|
Batting: LHB Dalton Silveira
|
0-0: Ball 1-0: SINGLE (Line Drive, 3L, EV 102.5 MPH)
|
|
Pitching: RHP Victor Walshe
|
|
|
Batting: RHB Edwin Soto
|
0-0: Ball 1-0: SINGLE (Line Drive, 9S, EV 84.4 MPH) Dalton Silveira to second Runner from 2nd tries for 3rd, SAFE, throw by RF made to third
|
|
Batting: RHB Jorge Severiano
|
0-0: Ball 1-0: Ball 2-0: Ball 3-0: Called Strike 3-1: Swinging Strike 3-2: Base on Balls Edwin Soto to second
|
|
Batting: LHB Chris Ringwood
|
0-0: Called Strike 0-1: Called Strike 0-2: Ball 1-2: Strikes out swinging
|
|
Batting: LHB Bob Branham
|
0-0: Called Strike 0-1: Ball 1-1: Fly out, F6 (Popup, 6, EV 75.0 MPH)
|
|
Batting: LHB Ryan Taylor
|
0-0: Ball 1-0: SINGLE (Line Drive, 8RM, EV 89.4 MPH) Dalton Silveira scores Edwin Soto to third Jorge Severiano to second Runner from 3rd tries for Home, SAFE, throw by CF to home Jorge Severiano to third Ryan Taylor to second
|
|
Batting: RHB Tsutomu Irie
|
0-0: Called Strike 0-1: Ball 1-1: Ball 2-1: Ball 3-1: Base on Balls
|
|
Batting: SHB Carlos Rodriguez
|
0-0: Ground out 4-3 (Groundball, 4MS, EV 81.9 MPH)
|
| Bottom of the 7th over - 2 runs, 3 hits, 0 errors, 3 left on base; Colorado 5 - Los Angeles 5 |
| TOP OF THE 8TH |
|
Colorado Rockies batting - Pitching for Los Angeles Dodgers : RHP Adrian Serratos
|
|
Batting: LHB Robert Watson
|
0-0: Ball 1-0: Ball 2-0: Ball 3-0: Called Strike 3-1: Foul Ball, location: 2F 3-2: Base on Balls
|
|
Batting: RHB Leo Mair
|
0-0: Swinging Strike 0-1: Swinging Strike Pickoff Throw by Catcher to First - Error! E2 Robert Watson to second 0-2: Strikes out swinging
|
|
Batting: RHB Stephen Charbonneau
|
0-0: Called Strike 0-1: Ball 1-1: Swinging Strike 1-2: Fly out, F8 (Line Drive, 8RM, EV 96.3 MPH)
|
|
Batting: RHB Joel Haycock
|
0-0: Foul Ball, location: 2F 0-1: Hit by Pitch
|
|
Batting: RHB Chad Thompson
|
0-0: SINGLE (Line Drive, 34D, EV 98.8 MPH) Robert Watson to third Joel Haycock to second Runner from 3rd tries for Home, SAFE, throw by RF to home
|
|
Batting: LHB Fabiano Perrolas
|
0-0: Called Strike 0-1: Swinging Strike 0-2: Foul Ball, location: 2F 0-2: Foul Ball, location: 2F 0-2: Ball 1-2: SINGLE (Groundball, 34, EV 105.6 MPH) Joel Haycock to third Chad Thompson to second Runner from 3rd tries for Home, SAFE, throw by RF to home
|
|
Batting: RHB Jason Andrews
|
0-0: Ball 1-0: Swinging Strike 1-1: Ball 2-1: Foul Ball, location: 2F 2-2: Foul Ball, location: 2F 2-2: Strikes out swinging
|
| Top of the 8th over - 2 runs, 2 hits, 1 error, 2 left on base; Colorado 7 - Los Angeles 5 |
| BOTTOM OF THE 8TH |
|
Los Angeles Dodgers batting - Pitching for Colorado Rockies : RHP Victor Walshe
|
|
Pitching: RHP Gabe Baxter
|
|
|
Batting: RHB Ben Mischnick
|
0-0: Ball 1-0: Called Strike 1-1: Called Strike 1-2: Ball 2-2: Strikes out swinging
|
|
Batting: LHB Dalton Silveira
|
0-0: Foul Ball, location: 2F 0-1: Foul Ball, location: 2F 0-2: Strikes out swinging, 2-3 out at first.
|
|
Batting: RHB Edwin Soto
|
0-0: Swinging Strike 0-1: Ball 1-1: Called Strike 1-2: Strikes out swinging
|
| Bottom of the 8th over - 0 runs, 0 hits, 0 errors, 0 left on base; Colorado 7 - Los Angeles 5 |
| TOP OF THE 9TH |
|
Colorado Rockies batting - Pitching for Los Angeles Dodgers : RHP Adrian Serratos
|
|
Pitching: RHP Chut-sai Teoh
|
|
|
Batting: SHB Chris Blue
|
0-0: Ground out 6-3 (Groundball, 6, EV 87.5 MPH)
|
|
Batting: RHB Rico Coss
|
0-0: Called Strike 0-1: Foul Ball, location: 2F 0-2: Foul Ball, location: 2F 0-2: Ground out 5-3 (Groundball, 5, EV 90.0 MPH)
|
|
Batting: LHB Robert Watson
|
0-0: Ball 1-0: Ball 2-0: Ball 3-0: Called Strike 3-1: Fly out, F7 (Flyball, 78M, EV 90.6 MPH)
|
| Top of the 9th over - 0 runs, 0 hits, 0 errors, 0 left on base; Colorado 7 - Los Angeles 5 |
| BOTTOM OF THE 9TH |
|
Los Angeles Dodgers batting - Pitching for Colorado Rockies : RHP Gabe Baxter
|
|
Pitching: LHP Ryan Fulford
|
|
|
Batting: RHB Jorge Severiano
|
0-0: Ball 1-0: Ball 2-0: Swinging Strike 2-1: Swinging Strike 2-2: Ground out 5-3 (Groundball, 5, EV 83.1 MPH)
|
|
Pinch Hitting: RHB Clay Buchanan
|
0-0: Ground out 6-3 (Groundball, 6, EV 98.1 MPH)
|
|
Pinch Hitting: SHB Joel Baker
|
0-0: Called Strike 0-1: Called Strike 0-2: Foul Ball, location: 2F 0-2: Ball 1-2: Strikes out swinging
|
| Bottom of the 9th over - 0 runs, 0 hits, 0 errors, 0 left on base; Colorado 7 - Los Angeles 5 |
|